 Dungeon Crawl Stone Soup version 0.27-a0-1177-g245c70e1c0 (webtiles) character file.

Game seed: 2006282079599987858

2 sizableburger the Sneak (level 1, -1/18 HPs)
             Began as a Mummy Delver on May 17, 2021.
             Was an Initiate of Gozag.
             Slain by a hobgoblin (2 damage)
             ... on level 1 of the Dungeon.
             The game lasted 00:02:38 (328 turns).

sizableburger the Sneak (Mummy Delver)               Turns: 328, Time: 00:02:38

Health: -1/18      AC:  3    Str: 15    XL:     1   Next: 33%
Magic:  1/1        EV: 11    Int:  9    God:    Gozag
Gold:   0          SH:  0    Dex: 13    Spells: 0/0 levels left

rFire    x . .     SeeInvis .   a - +0 mace
rCold    + . .     Faith    .   (no shield)
rNeg     + + +     Spirit   .   b - +0 leather armour
rPois    ∞         Reflect  .   (no helmet)
rElec    .         Harm     .   (no cloak)
rCorr    .         Rampage  .   (no gloves)
Will     .....                  (no boots)
Stlth    ++........             (no amulet)
HPRegen  0.06/turn              (no ring)
MPRegen  0.07/turn              (no ring)

@: gold aura
A: cold resistance 1, negative energy resistance 3, torment resistance 2, heat
vulnerability 1, no potions
a: Renounce Religion, Potion Petition, Call Merchant, Bribe Branch


You were on level 1 of the Dungeon.
You worshipped Gozag.
Gozag was noncommittal.
You visited 1 branch of the dungeon, and saw 5 of its levels.

Inventory:

Hand Weapons
 a - a +0 mace (weapon)
 g - a +0 dagger
Armour
 b - a +0 leather armour (worn)
Wands
 f - a wand of digging (3)
Scrolls
 c - a scroll of fog
 d - a scroll of magic mapping


   Skills:
 + Level 3.0 Fighting
 + Level 1.5 Maces & Flails
 + Level 1.6 Dodging
 + Level 4.1 Stealth


You couldn't memorise any spells.
You didn't know any spells.
Your spell library was empty.

Dungeon Overview and Level Annotations

Branches:
Dungeon (5/15)
 Temple: D:4-7

Altars:
Gozag


Innate Abilities, Weirdness & Mutations

You are immune to poison.
Your flesh is cold resistant. (rC+)
You are immune to negative energy. (rN+++)
You are immune to unholy pain and torment.
You are vulnerable to heat. (rF-)
You do not drink.


Message History

Found a scroll labelled OKEUQY MIBLIV.
You barely miss the kobold. The kobold hits you but does no damage.
You closely miss the kobold. The kobold hits you with a +0 dagger.
The kobold closely misses you.
Okay, then.
You can't drink.
You hit the kobold but do no damage. The kobold hits you with a +0 dagger.
You miss the kobold. The kobold misses you.
You closely miss the kobold. The kobold barely misses you.
The kobold hits you with a +0 dagger.
* * * LOW HITPOINT WARNING * * *
You hit the kobold.
You kill the kobold!
The ball python bites you.
* * * LOW HITPOINT WARNING * * *
The ball python closely misses you.
Unknown command.
You sock the endoplasm!
You kill the endoplasm!
The ball python bites you but does no damage.
The ball python grabs you. The ball python constricts you.
You escape the ball python's grasp.
A hobgoblin comes into view.
The hobgoblin shouts!
You hear a bark!
You see here 6 gold pieces.
A hobgoblin comes into view.
An endoplasm comes into view.
The endoplasm is distracted by dreams of imaginary riches.
The ball python bites you.
* * * LOW HITPOINT WARNING * * *
The ball python grabs you. The ball python constricts you.
You escape the ball python's grasp.
As you read the scroll labelled OKEUQY MIBLIV, it crumbles to dust.
It is a scroll of identify.
You don't have any unidentified items.
The endoplasm is no longer distracted by gold.
The endoplasm is distracted by dreams of imaginary riches.
The hobgoblin hits you.
You die...
Your body crumbles into a pile of gold.

$ # $ .# ####.#...
#.g...# #@# .# ..
#.#S###.### h#
#....g....####.#
.......#...#.##.#.## #
######J#...........#.#
#.#.$##.##....#.#
#.#...$.....?...#
#.########.##.### #.#
#.#>..##


You could see an endoplasm (wandering), a hobgoblin and a ball python.

Vanquished Creatures
  An endoplasm (D:1)
  A kobold (D:1)
2 creatures vanquished.

Notes
Turn   | Place    | Note
-------+----------+-------------------------------------------
     0 | D:5      | sizableburger the Mummy Delver began the quest for the Orb.
     0 | D:5      | Reached XP level 1. HP: 18/18 MP: 1/1
    55 | D:5      | Noticed an ogre
   129 | D:4      | Noticed an iguana
   219 | D:2      | Found a faded altar of an unknown god.
   224 | D:2      | Became a worshipper of Gozag Ym Sagoz the Greedy
   328 | D:1      | Slain by a hobgoblin

Illustrated notes

Levels and vault maps discovered:
D:1:      roderic_crop_circles_arrival_small, layout_loops_ring, minmay_cut_off
D:2:      layout_basic, ebering_ecumenical_altar_hall, basic_altar,
          serial_rivers, chequers_serial_rivers_small_a,
          chequers_serial_rivers_marsh, chequers_serial_rivers_micro_e,
          chequers_serial_rivers_large_a, kennysheep_jessica_study
D:3:      layout_loops_corners, gammafunk_ghost_necromancy, uniq_ijyb
D:4:      layout_gridville, uniq_blork_the_orc
D:5:      minmay_skewed_foursquare, layout_loops_cross, old_standard_altar,
          uniq_pikel, uniq_sigmund

Action                   || total
-------------------------++-------
Melee: Mace              ||     8
  Use: Scroll            ||     2
Armor: Leather armour    ||    32
Dodge: Dodged            ||    58

Table legend: (Time is in decaauts)
 A = Elapsed time spent in this place.
 B = Non-inter-level travel time spent in this place.
 C = Inter-level travel time spent in this place.
 D = Time resting spent in this place.
 E = Time spent auto-exploring this place.
 F = Levels seen in this place.
 G = Mean time per level.
                   A        B        C        D        E       F      G
               +--------+--------+--------+--------+--------+-----+--------+
         Total |    331 |    305 |     26 |      0 |      0 |   5 |   66.2 |
       Dungeon |    331 |    305 |     26 |      0 |      0 |   5 |   66.2 |
               +--------+--------+--------+--------+--------+-----+--------+

Top non-repeatable levels by time:
     D:2: 90 daAuts
     D:4: 89 daAuts
     D:5: 73 daAuts
     D:3: 52 daAuts
     D:1: 25 daAuts
